 Dungeon Crawl Stone Soup version 0.32-a0-818-gb728d0252e (webtiles) character file.

Game seed: 16623846901504078879

164 AstroCodex24 the Chopper (level 5, -3/41 HPs)
             Began as a Vampire Fighter on Mar 23, 2024.
             Slain by a wyvern (14 damage)
             ... on level 6 of the Dungeon.
             The game lasted 00:02:57 (499 turns).

AstroCodex24 the Chopper (Vampire Fighter)           Turns: 499, Time: 00:02:58

Health: -3/41      AC:  8    Str: 17    XL:     5   Next: 21%
Magic:  5/5        EV: 13    Int: 11    God:
Gold:   5          SH:  4    Dex: 13    Spells: 4/4 levels left

rFire   . . .        a - +0 war axe
rCold   . . .        c - +0 buckler
rNeg    . . .        b - +0 scale mail
rPois   .            (no helmet)
rElec   .            f - +0 cloak
rCorr   .            (no gloves)
SInv    +            (no boots)
Will    .....        (no amulet) Stlth
                     i - +5 ring of evasion
HPRegen 0.46/turn    (no ring)
MPRegen 0.09/turn

%: no passive effects
@: healing quickly
A: alive, fangs 3, see invisible, vampiric 2
a: Exsanguinate


You were on level 6 of the Dungeon.
You visited 1 branch of the dungeon, and saw 6 of its levels.

You collected 5 gold pieces.

Inventory:

Hand Weapons
 a - a +0 war axe (weapon)
 d - a +2 whip of electrocution
Armour
 b - a +0 scale mail (worn)
 c - a +0 buckler (worn)
 f - a +0 cloak (worn)
Jewellery
 i - a +5 ring of evasion (left hand)
Talismans
 g - a flux talisman
Scrolls
 h - a scroll of noise {unknown}
Potions
 e - a potion of curing {unknown}


   Skills:
 + Level 3.0 Fighting
 + Level 3.6 Axes
 + Level 3.2 Armour
 + Level 1.0 Dodging
 + Level 3.1 Shields


You had 4 spell levels left.
You didn't know any spells.
Your spell library was empty.

Dungeon Overview and Level Annotations

Branches:
Dungeon (6/15)
 Temple: D:4-7

Altars:
Gozag
Xom

Shops:
D:1 [   D:2 =


Innate Abilities, Weirdness & Mutations

Your natural rate of healing is accelerated.
You have razor-sharp teeth.
You have supernaturally acute eyesight. (SInv)
You are afflicted with vampirism and can become a bat while bloodless.


Message History

The bombardier beetle completely misses you.
You slash the bombardier beetle!
The bombardier beetle is almost dead.
You slash the bombardier beetle!
You kill the bombardier beetle!
You have reached level 5!
You feel clever.
Found a scale mail.
Found a shimmering altar of Xom.
Found an opulent altar of Gozag.
You feel a little less mighty now.
You see here a bombardier beetle corpse.
You see here a +0 hand axe.
Items here: ))) [ †.
Found a stone staircase leading down.
There is a stone staircase leading down here.
You climb downwards.
There is a stone staircase leading up here.
You closely miss the wyvern. You bite the wyvern.
The wyvern is lightly wounded.
The wyvern bites you! You block the wyvern's attack.
You slash the wyvern!
The wyvern is moderately wounded.
The wyvern bites you! x2
You closely miss the wyvern.
The wyvern is moderately wounded.
The wyvern barely misses you. The wyvern misses you.
You slash the wyvern!
The wyvern is severely wounded.
The wyvern closely misses you.
The wyvern bites you but does no damage.
You barely miss the wyvern.
The wyvern is severely wounded.
The wyvern bites you!
* * * LOW HITPOINT WARNING * * *
You block the wyvern's attack.
You hit the wyvern but do no damage.
The wyvern is severely wounded.
The wyvern bites you but does no damage.
The wyvern bites you!
You die...

.# ..
. .
.# #.
.#.
...
#.# #
#k#
.#
#@#.#
#<.#
###.#
#.#
##


You could see a wyvern.

Vanquished Creatures
  A scorpion (D:5)
  A bombardier beetle (D:5)
  2 adders
  2 gnolls (D:5)
  A white imp (D:5)
  A dart slug (D:1)
  4 orcs (D:5)
  2 endoplasms
  2 giant cockroaches (D:2)
  2 hobgoblins
  4 jackals (D:1)
  2 kobolds (D:2)
  A ball python (D:1)
  3 bats (D:2)
  A frilled lizard (D:1)
  A rat (D:1)
30 creatures vanquished.

Notes
Turn   | Place    | Note
-------+----------+-------------------------------------------
     0 | D:1      | AstroCodex24 the Vampire Fighter began the quest for the
                  | Orb.
     0 | D:1      | Reached XP level 1. HP: 17/17 MP: 1/1
    53 | D:1      | Reached XP level 2. HP: 20/23 MP: 2/2
   103 | D:1      | Found Piaciho's Armour Shoppe.
   194 | D:2      | Found Sigal's Jewellery Emporium.
   282 | D:2      | Gained mutation: You are afflicted with vampirism and can
                  | become a bat while bloodless. [Vampire growth]
   282 | D:2      | Reached XP level 3. HP: 27/28 MP: 3/3
   378 | D:5      | Entered Level 5 of the Dungeon
   399 | D:5      | Reached XP level 4. HP: 10/34 MP: 4/4
   421 | D:5      | Noticed a scorpion
   424 | D:5      | Killed a scorpion
   425 | D:5      | Reached skill level 1 in Dodging
   433 | D:5      | Reached XP level 5. HP: 32/41 MP: 5/5
   440 | D:5      | Found a shimmering altar of Xom.
   442 | D:5      | Found an opulent altar of Gozag.
   492 | D:6      | Noticed a wyvern
   499 | D:6      | Slain by a wyvern

Illustrated notes

Levels and vault maps discovered:
D:1:      sevenhm_arrival_forest_fort_large_4, layout_basic,
          basic_ecumenical_altar, serial_shops, nicolae_shop_tiny_waterfront
D:2:      minmay_door_path, layout_basic, serial_shops, shop,
          guppyfry_early_orc_mine, uniq_robin
D:3:      layout_basic, minmay_close_crescents
D:4:      layout_loops_ring, grunt_temple_overflow_cloverleaf
D:5:      layout_rooms, nicolae_overflow_hidden_temple, serial_shops,
          nicolae_book_shop_shelving, blue_anna_alchemist, uniq_sigmund
D:6:      layout_loops_cross, mainiacjoe_overflow_small_starburst, serial_shops,
          nicolae_shop_window_shopping, st_stairs_1

Skill      XL: |  1  2  3  4 |
---------------+-------------+-----
Shields        | 3 |  3.1
Axes           | 2 3 |  3.6
Armour         | 3 |  3.2
Fighting       | 3 |  3.0
Dodging        | 1 |  1.0

Action                     |  1- 3 |  4- 6 || total
---------------------------+-------+-------++-------
  Melee: War axe           |    67 |    13 ||    80
         Bite              |     6 |     2 ||     8
    Use: Potion            |     1 |       ||     1
 Armour: Scale mail        |   111 |     9 ||   120
  Dodge: Dodged            |    72 |     5 ||    77
  Block: Buckler           |    39 |     3 ||    42

Table legend: (Time is in decaauts)
 A = Elapsed time spent in this place.
 B = Non-inter-level travel time spent in this place.
 C = Inter-level travel time spent in this place.
 D = Time resting spent in this place.
 E = Time spent auto-exploring this place.
 F = Levels seen in this place.
 G = Mean time per level.
                   A        B        C        D        E       F      G
               +--------+--------+--------+--------+--------+-----+--------+
         Total |    531 |    531 |      0 |      0 |      0 |   6 |   88.5 |
       Dungeon |    531 |    531 |      0 |      0 |      0 |   6 |   88.5 |
               +--------+--------+--------+--------+--------+-----+--------+

Top non-repeatable levels by time:
     D:1: 199 daAuts
     D:2: 139 daAuts
     D:5: 120 daAuts
     D:3: 36 daAuts
     D:4: 26 daAuts
     D:6: 8 daAuts
